 Dungeon Crawl Stone Soup version 0.30-a0-930-gb9d0489357 (webtiles) character file.

Game seed: 17500559112516452641

952 bande the Chopper (level 8, -1/48 HPs)
             Began as a Gargoyle Fighter on Mar 24, 2023.
             Slain by a wight
             ... wielding a +2 spear
              (4 damage)
             ... on level 5 of the Dungeon.
             The game lasted 00:09:47 (3208 turns).

bande the Chopper (Gargoyle Fighter)                Turns: 3208, Time: 00:09:48

Health: -1/48      AC: 24    Str: 20    XL:     8   Next: 13%
Magic:  8/8        EV:  7    Int:  9    God:
Gold:   1124       SH:  5    Dex: 11    Spells: 7/7 levels left

rFire   . . .      SeeInvis +    m - +3 war axe "Pesisur" {protect, rCorr SInv}
rCold   . . .      Faith    .    g - +0 buckler {reflect}
rNeg    + . .      Spirit   .    e - +0 chain mail
rPois   ∞          Reflect  +    (no helmet)
rElec   +          Rampage  .    (no cloak)
rCorr   +                        b - +1 pair of gloves
Will    .....                    (no boots) Stlth
                                 (no amulet)
HPRegen 0.28/turn                u - ring of resist corrosion
MPRegen 0.11/turn                (no ring)

@: mighty, under a protective aura
A: sickness immunity, AC +5, negative energy resistance 1, electricity
resistance, torment resistance 1, petrification resistance
a: no special abilities


You were on level 5 of the Dungeon.
You visited 1 branch of the dungeon, and saw 5 of its levels.
You also visited: Ossuary.

You collected 1124 gold pieces.

Inventory:

Hand Weapons
 a - a +1 war axe
 m - the +3 war axe "Pesisur" (weapon) {protect, rCorr SInv}
   (You acquired it on level 2 of the Dungeon)

   SInv:      It lets you see invisible.
   rCorr:     It protects you from acid and corrosion.
 q - a +0 flail
Armour
 b - a +1 pair of gloves (worn)
 e - a +0 chain mail (worn)
 g - a +0 buckler of reflection (worn)
Jewellery
 l - a +6 ring of intelligence
 p - a ring of wizardry
 u - a ring of resist corrosion (left hand)
Wands
 w - a wand of digging (1)
Scrolls
 c - a scroll of blinking
 j - 2 scrolls of enchant weapon
 y - a scroll of fog
Potions
 d - a potion of might
 f - 2 potions of haste
 h - 3 potions of mutation
 i - a potion of heal wounds
 k - 3 potions of flight
 n - a potion of lignification
 o - 2 potions of brilliance
 r - 4 potions of curing {unknown}
 s - 3 potions of degeneration {unknown}
 t - a potion of berserk rage {unknown}
 v - a potion of resistance {unknown}


   Skills:
 + Level 4.9 Fighting
 + Level 6.7 Axes
 + Level 5.2 Armour
 + Level 4.4 Shields


You had 7 spell levels left.
You didn't know any spells.
Your spell library contained the following spells:

 Spells                   Type           Power      Damage    Failure   Level
 Kiss of Death            Conj/Necr      0%         2d5       99%         1
 Sandblast                Erth           0%         2d4       99%         1
 Passwall                 Tmut/Erth      0%         N/A       100%        2
 Confusing Touch          Hex            0%         N/A       100%        3
 Stone Arrow              Conj/Erth      0%         3d7       100%        3
 Dispel Undead            Necr           0%         3d6       100%        4
 Death Channel            Necr           0%         N/A       100%        6
 Borgnjor's Revivificati  Necr           0%         N/A       100%        8
 Necromutation            Tmut/Necr      0%         N/A       100%        8
 Death's Door             Necr           0%         N/A       100%        9
 Cigotuvi's Dreadful Rot  Necr/Pois/Air  Unusable   N/A       N/A         2

Dungeon Overview and Level Annotations

Branches:
Dungeon (5/15)            Ossuary (visited)
 Temple: D:4-7

Altars:
Cheibriados
Gozag
Nemelex Xobeh
Zin


Innate Abilities, Weirdness & Mutations

You are immune to sickness and miasma.
Your stone body is resilient. (AC +5)
You are immune to poison.
You resist negative energy. (rN+)
You are resistant to electric shocks. (rElec)
You are resistant to unholy torment.
You are immune to petrification.


Message History

The wight hits you with a +4 long sword.
Unknown command.
You hit the wight but do no damage.
The wight is heavily damaged.
You hit the wight but do no damage. You closely miss the wight.
The wight hits you but does no damage. x2; You block the wight's attack.
The wight hits you with a +4 long sword!
Unknown command.
You slash the wight!
You destroy the wight!
You slash the wight!
You destroy the wight!
You hit the wight. The wight hits you with a +1 battleaxe!
* * * LOW HITPOINT WARNING * * *
You block the wight's attack. The wight hits you with a +1 battleaxe.
* * * LOW HITPOINT WARNING * * *
You block the wight's attack.
You have reached level 8!
You feel clever.
You barely miss the wight.
The wight is moderately damaged.
The wight hits you with a +1 battleaxe.
* * * LOW HITPOINT WARNING * * *
The wight barely misses you.
You closely miss the wight.
The wight is moderately damaged.
The wight completely misses you.
The wight hits you from afar with a +2 spear!
* * * LOW HITPOINT WARNING * * *
You slash the wight!
You destroy the wight!
The wight hits you but does no damage. The wight hits you but does no damage.
Things that are here:
a +0 trident; a +0 robe You closely miss the wight.
The wight hits you but does no damage. x2
You slash the wight!
The wight is severely damaged.
The wight hits you with a +2 spear.
You die...

#.# #. #.# #. #.# #. #.#
####.####.#
..........#########
##..............#
####...).#########.# ##
........@....# #.# ...
##....)))z...#####.###...
.........................
##...........#####.###...
##.......#.$# #.# ...
##.....###.# #.# ##.
##....# .# #.#####.
##.#.# # #[##.>..
#.##.###


You could see a wight.

Vanquished Creatures
  An elf skeleton (D:4)
  A scorpion (D:4)
  4 wights (D:5)
  A human zombie (D:4)
  3 orc priests
  2 human skeletons (D:4)
  2 iguanas (D:5)
  4 orc wizards
  8 mummies (Ossuary)
  Robin (D:4)
  5 adders
  4 worms (D:2)
  2 dart slugs
  15 orcs
  12 ball pythons
  7 bats
  9 endoplasms
  2 giant cockroaches (D:2)
  2 gnoll zombies (Ossuary)
  14 goblins
  14 hobgoblins
  3 jackals (D:1)
  4 quokkas
  3 frilled lizards
  3 hobgoblin zombies (Ossuary)
  9 kobolds
  A kobold zombie (Ossuary)
  2 orc skeletons (D:4)
  2 orc zombies (Ossuary)
  5 rats
145 creatures vanquished.

Notes
Turn   | Place    | Note
-------+----------+-------------------------------------------
     0 | D:1      | bande the Gargoyle Fighter began the quest for the Orb.
     0 | D:1      | Reached XP level 1. HP: 14/14 MP: 1/1
   138 | D:1      | Reached XP level 2. HP: 17/19 MP: 2/2
   248 | D:1      | Reached skill level 2 in Axes
   575 | D:1      | Reached XP level 3. HP: 21/24 MP: 3/3
   829 | D:1      | Found a glowing silver altar of Zin.
  1125 | D:2      | Reached XP level 4. HP: 29/29 MP: 4/4
  1240 | D:2      | Identified 2 scrolls of acquirement
  1240 | D:2      | Acquired the +3 war axe "Pesisur" {protect, rCorr SInv}
  1312 | D:2      | Acquired 718 gold pieces
  1600 | D:3      | Reached skill level 3 in Axes
  1602 | D:3      | Reached XP level 5. HP: 28/33 MP: 5/5
  1618 | D:3      | Reached skill level 4 in Axes
  1618 | D:3      | Reached XP level 6. HP: 38/38 MP: 6/6
  1909 | D:3      | Found a sparkling altar of Nemelex Xobeh.
  2072 | D:4      | Found a snail-covered altar of Cheibriados.
  2231 | D:4      | Found a sand-covered staircase.
  2251 | Ossuary  | Entered an ossuary
  2295 | Ossuary  | Reached XP level 7. HP: 27/44 MP: 7/7
  2298 | Ossuary  | Reached skill level 5 in Axes
  2558 | D:4      | Found a glowing silver altar of Zin.
  2610 | D:4      | Found an opulent altar of Gozag.
  2685 | D:4      | Noticed Robin
  2700 | D:4      | Killed Robin
  3012 | D:5      | Entered Level 5 of the Dungeon
  3026 | D:5      | Reached skill level 6 in Axes
  3200 | D:5      | Reached skill level 5 in Armour
  3203 | D:5      | Reached XP level 8. HP: 11/48 MP: 8/8
  3204 | D:5      | HP: 2/48 [wight/+2 spear (7)]
  3208 | D:5      | Slain by a wight

Illustrated notes

Levels and vault maps discovered:
D:1:      dpeg_arrival_water_altar, layout_loops_ring
D:2:      layout_basic, minmay_hexomino_f4
D:3:      layout_basic, mainiacjoe_overflow_tiny_flanked
D:4:      layout_cave_pools, pdpol_temple_overflow_zin_treasury_gozag_greed,
          mainiacjoe_overflow_small_starburst, nicolae_ossuary_entry_catacombs,
          minmay_fractal_squares_5, uniq_robin
D:5:      layout_loops_ring, nrook_mini_backslash

Skill      XL: |  1  2  3  4  5  6  7 |
---------------+----------------------+-----
Axes           | 2 3 4 6 |  6.7
Shields        | 4 |  4.4
Fighting       | 4 |  4.9
Armour         | 4 5 |  5.2

Action                     |  1- 3 |  4- 6 |  7- 9 || total
---------------------------+-------+-------+-------++-------
  Melee: War axe           |   128 |   144 |    83 ||   355
    Use: Scroll            |     6 |    11 |     5 ||    22
         Potion            |       |     1 |     1 ||     2
 Armour: Scale mail        |     5 |       |       ||     5
         Chain mail        |    79 |   107 |    55 ||   241
  Dodge: Dodged            |    63 |    49 |    25 ||   137
  Block: Buckler           |    35 |    25 |    21 ||    81

Table legend: (Time is in decaauts)
 A = Elapsed time spent in this place.
 B = Non-inter-level travel time spent in this place.
 C = Inter-level travel time spent in this place.
 D = Time resting spent in this place.
 E = Time spent auto-exploring this place.
 F = Levels seen in this place.
 G = Mean time per level.
                   A        B        C        D        E       F      G
               +--------+--------+--------+--------+--------+-----+--------+
         Total |   3339 |   3325 |     14 |     50 |   2186 |   6 |  556.5 |
       Dungeon |   3043 |   3029 |     14 |      0 |   2040 |   5 |  608.6 |
       Ossuary |    295 |    295 |      0 |     50 |    146 |   1 |  295.0 |
               +--------+--------+--------+--------+--------+-----+--------+

Top non-repeatable levels by time:
     D:1: 889 daAuts
     D:4: 764 daAuts
     D:2: 698 daAuts
     D:3: 490 daAuts
 Ossuary: 295 daAuts
     D:5: 202 daAuts
